 Dungeon Crawl Stone Soup version 0.29-a0-997-gf6f7e2dfe7 (webtiles) character file.

Game seed: 13538611639141235502

4638 vurker the Skirmisher (level 10, -7/88 HPs)
             Began as a Minotaur Enchanter on Aug 4, 2022.
             Was an Elder of Fedhas.
             Mangled by a komodo dragon (22 damage)
             ... on level 11 of the Dungeon.
             The game lasted 00:14:15 (9708 turns).

vurker the Skirmisher (Minotaur Enchanter)          Turns: 9708, Time: 00:14:15

Health: -7/88      AC: 15    Str: 18    XL:     10   Next: 20%
Magic:  13/13      EV: 11    Int: 12    God:    Fedhas [****..]
Gold:   449        SH:  0    Dex: 10    Spells: 11/11 levels left

rFire   . . .      SeeInvis .   h - +2 dagger (venom)
rCold   . . .      Faith    .   (no shield)
rNeg    . . .      Spirit   .   b - +0 scale mail
rPois   .          Reflect  .   (helmet restricted)
rElec   .          Harm     .   y - +0 cloak
rCorr   .          Rampage  .   n - +1 pair of gloves
Will    +....                   (no boots)
Stlth   ..........              o - amulet of the acrobat
HPRegen 0.24/turn               e - ring of willpower
MPRegen 0.13/turn               i - +4 ring of protection

@: no status effects
A: horns 2, retaliatory headbutt
a: Renounce Religion, Wall of Briars, Grow Ballistomycete, Overgrow


You were on level 11 of the Dungeon.
You worshipped Fedhas.
Fedhas was greatly pleased with you.
You visited 1 branch of the dungeon, and saw 11 of its levels.
You also visited: Ossuary.

You collected 471 gold pieces.
You spent 22 gold pieces at shops.

Inventory:

Hand Weapons
 h - a +2 dagger of venom (weapon)
   (You took it off a goblin on level 1 of the Dungeon)
 l - a +0 arbalest
   (You found it on level 2 of the Dungeon)
Armour
 b - a +0 scale mail (worn)
   (You found it on level 5 of the Dungeon)
 n - a +1 pair of gloves (worn)
   (You found it on level 4 of the Dungeon)
 y - a +0 cloak (worn)
   (You took it off Crazy Yiuf on level 7 of the Dungeon)
Jewellery
 e - a ring of willpower (left hand)
   (You found it on level 1 of the Dungeon)
 i - a +4 ring of protection (right hand)
   (You found it on level 1 of the Dungeon)
 j - a ring of resist corrosion
   (You found it on level 5 of the Dungeon)
 o - an amulet of the acrobat (around neck)
   (You found it on level 3 of the Dungeon)
 w - a ring of flight
   (You found it on level 6 of the Dungeon)
Wands
 f - a wand of mindburst (12)
   (You found it on level 7 of the Dungeon)
 t - a wand of flame (24)
   (You found it on level 8 of the Dungeon)
Scrolls
 d - 2 scrolls of teleportation
 q - 2 scrolls of magic mapping
 r - a scroll of identify
 v - a scroll of enchant weapon
 z - a scroll of brand weapon
 B - a scroll of silence
Potions
 a - 2 potions of resistance
 c - a potion of invisibility
 g - 3 potions of lignification
 k - 2 potions of mutation
 m - 2 potions of magic
 p - 4 potions of haste
 s - 3 potions of flight
 u - 2 potions of heal wounds
 A - 4 potions of curing


   Skills:
 + Level 7.6 Fighting
 - Level 1.1 Short Blades
 * Level 9.2 Ranged Weapons
 + Level 7.3 Armour
 + Level 7.0 Dodging
 - Level 2.4 Stealth
 - Level 1.3 Spellcasting
 - Level 2.0 Hexes
 + Level 5.7 Invocations


You had 11 spell levels left.
You didn't know any spells.
Your spell library contained the following spells:

 Spells                   Type           Power      Damage    Failure   Level
 Beastly Appendage        Tmut           0%         N/A       63%         1
 Necrotise                Necr           0%         1d4       63%         1
 Ensorcelled Hibernation  Hex/Ice        6%         N/A       63%         2
 Confusing Touch          Hex            5%         N/A       71%         3
 Tukima's Dance           Hex            5%         N/A       71%         3
 Sublimation of Blood     Necr           0%         N/A       77%         2
 Wereblood                Tmut           0%         N/A       77%         2
 Dazzling Flash           Conj/Hex       6%         N/A       85%         3
 Ignite Poison            Fire/Tmut/Pois 0%         N/A       94%         3
 Mephitic Cloud           Conj/Pois/Air  0%         N/A       94%         3
 Spider Form              Tmut/Pois      0%         N/A       94%         3
 Vampiric Draining        Necr           0%         2d6       94%         3
 Petrify                  Tmut/Erth      0%         N/A       100%        4
 Agony                    Necr           0%         N/A       100%        5
 Freezing Cloud           Conj/Ice/Air   0%         6-21      100%        5
 Irradiate                Conj/Tmut      0%         3d11      100%        5


Dungeon Overview and Level Annotations

Branches:
Dungeon (12/15)            Temple (0/1) D:4         Ossuary (visited)
   Lair: D:8-11         Orc: D:9-12

Altars:
Ashenzari
Cheibriados
Fedhas
Gozag
Hepliaklqana
Trog
Uskayaw

Shops:
D:1 :?[[   D:6 (

Annotations:
D:5 2 transporters, leavemydog's ghost, novice HOFi
D:7 3 runed translucent doors, Ishtari's ghost, novice HOFi
D:11 Maurice


Innate Abilities, Weirdness & Mutations

You have a pair of horns on your head.
You reflexively headbutt those who attack you in melee.


Message History

Fedhas appreciates your contribution to the ecosystem.
You completely miss the ogre. The ogre misses you.
You hit the ogre but do no damage.
The ogre is poisoned.
You hit the ogre.
The ogre looks as sick as possible!
You headbutt the ogre. The ogre completely misses you. You furiously retaliate!
You headbutt the ogre, but do no damage.
The komodo dragon hisses menacingly.
You hit the ogre.
The ogre looks as sick as possible!
Your headbutt misses the ogre. The ogre misses you.
You hit the ogre.
The ogre looks as sick as possible!
You headbutt the ogre.
You kill the ogre!
Fedhas appreciates your contribution to the ecosystem.
The ogre hits you with a +0 giant spiked club!
Items here: )) ††.
You hit the ogre. You headbutt the ogre. The ogre misses you.
You hit the ogre.
The ogre is poisoned.
You barely miss the ogre. Your headbutt misses the ogre.
The ogre closely misses you.
You hit the ogre.
The ogre looks as sick as possible!
The ogre closely misses you.
You hit the ogre.
The ogre looks as sick as possible!
You headbutt the ogre. You hit the ogre.
The ogre looks as sick as possible!
You headbutt the ogre.
You kill the ogre!
Fedhas appreciates your contribution to the ecosystem.
You closely miss the komodo dragon. Your headbutt misses the komodo dragon.
The komodo dragon bites you!
* * * LOW HITPOINT WARNING * * *
You hit the komodo dragon.
The komodo dragon completely misses you.
You barely miss the komodo dragon. You headbutt the komodo dragon.
The komodo dragon closely misses you.
You barely miss the komodo dragon. The komodo dragon bites you!
* * * LOW HITPOINT WARNING * * *
Aim: an ogre, wielding a +0 giant spiked club (86% to hit)
The bolt of acid hits the komodo dragon!
The acid corrodes the komodo dragon!
The bolt of acid hits the kobold!
The acid corrodes the kobold!
You kill the kobold!
Fedhas appreciates your contribution to the ecosystem.
The bolt of acid hits the ogre!
The acid corrodes the ogre!
The bolt of acid hits the ogre!
The acid corrodes the ogre!
The komodo dragon bites you!
* * * LOW HITPOINT WARNING * * *
Aim: an ogre, wielding a +0 giant spiked club (heavily wounded, covered in acid, 86% to hit)
The bolt of acid hits the komodo dragon!
The komodo dragon seems to be corroded for longer.
The bolt of acid hits the ogre! x2; The now-empty wand crumbles to dust.
The komodo dragon bites you!!
You die...
Fedhas appreciates your contribution to the ecosystem.

... #........# #.# #..
#........# #.#
#........# #.#
#........# #.#
...######## ###.##
.... ..# #....# ....
#.# #.####
..##.############.####
#.#.....OOl@.........#
#.#..#################
O #.#..# O...##.#..#
..OOO..O..#
..........#
..........#
@##.....K.# #.......#


You could see a komodo dragon (corroded) and 2 ogres.

Vanquished Creatures
  A two-headed ogre (D:11)
  A troll (D:11)
  A hornet (D:8)
  A wyvern (D:7)
  A wraith (Ossuary)
  A steam dragon (D:8)
  Menkaure (D:7)
  A water moccasin (D:8)
  An orc warrior (D:9)
  2 ice beasts
  2 black bears (D:7)
  5 ogres
  2 centaurs (D:7)
  2 phantoms
  2 kobold brigands
  3 bullfrogs
  5 scorpions
  5 wights
  3 howler monkeys (D:8)
  2 electric eels (D:9)
  5 hounds
  An orc priest (D:4)
  Crazy Yiuf (D:7)
  A gnoll bouda (D:8)
  3 iguanas
  8 orc wizards
  A mummy (Ossuary)
  3 gnolls (D:8)
  6 adders
  A shadow imp (D:7)
  A white imp (D:5)
  An ufetubus (D:4)
  A worm (D:5)
  2 dart slugs
  26 orcs
  5 endoplasms
  5 giant cockroaches
  9 goblins
  7 hobgoblins
  5 quokkas
  4 ball pythons
  5 bats
  4 frilled lizards
  3 gnoll skeletons (Ossuary)
  15 kobolds
  8 kobold skeletons (Ossuary)
  14 orc skeletons (Ossuary)
  9 rats
196 creatures vanquished.

Vanquished Creatures (others)
  9 plants (D:9)
9 creatures vanquished.

Grand Total: 205 creatures vanquished

Notes
Turn   | Place    | Note
-------+----------+-------------------------------------------
     0 | D:1      | vurker the Minotaur Enchanter began the quest for the Orb.
     0 | D:1      | Reached XP level 1. HP: 14/14 MP: 1/1
   195 | D:1      | Reached skill level 1 in Fighting
   225 | D:1      | Found Yfebaahu's Antique Armour Shoppe.
   234 | D:1      | Reached XP level 2. HP: 23/23 MP: 3/3
   303 | D:1      | Reached skill level 1 in Armour
   404 | D:1      | Found Xacaf's Magic Scroll Shoppe.
   419 | D:1      | Bought a scroll of identify for 22 gold pieces
   527 | D:1      | Found Hitaiwie's Book Emporium.
   691 | D:1      | Found Xoneulit's Antique Armour Shop.
   997 | D:2      | Reached XP level 3. HP: 30/30 MP: 4/4
  1356 | D:2      | Found a faded altar of an unknown god.
  1385 | D:2      | Prayed at the altar of an unknown god.
  1385 | D:2      | Became a worshipper of Fedhas Madash
  1385 | D:2      | Reached * piety under Fedhas
  1560 | D:2      | Reached XP level 4. HP: 38/38 MP: 5/5
  1672 | D:3      | Reached skill level 1 in Ranged Weapons
  1829 | D:3      | Reached XP level 5. HP: 45/45 MP: 6/6
  1851 | D:3      | Reached skill level 1 in Invocations
  1886 | D:3      | Reached ** piety under Fedhas
  1943 | D:3      | Reached skill level 2 in Ranged Weapons
  2308 | D:4      | Noticed a phantom
  2309 | D:4      | Found a broken altar of Ashenzari.
  2322 | D:4      | Killed a phantom
  2323 | D:4      | Reached XP level 6. HP: 41/52 MP: 7/7
  2423 | D:4      | Reached skill level 3 in Ranged Weapons
  2443 | D:4      | Found a staircase to the Ecumenical Temple.
  2536 | D:4      | Found a sand-covered staircase.
  2545 | Ossuary  | Entered an ossuary
  2545 | Ossuary  | Noticed a wraith
  2545 | Ossuary  | Noticed a wraith
  2545 | Ossuary  | Noticed a wraith
  2608 | Ossuary  | Noticed a wraith
  2640 | Ossuary  | Killed a wraith
  2935 | Ossuary  | Reached XP level 7. HP: 59/59 MP: 8/8
  2993 | Ossuary  | Reached *** piety under Fedhas
  3339 | D:5      | Entered Level 5 of the Dungeon
  3363 | D:5      | Reached skill level 4 in Ranged Weapons
  3478 | D:5      | Noticed a hornet
  3499 | D:5      | Noticed leavemydog's ghost (novice HOFi)
  3502 | D:5      | Found a transporter.
  3508 | D:5      | Found a transporter.
  4194 | D:6      | Reached skill level 5 in Ranged Weapons
  4216 | D:6      | Found Gumoj's Weapon Shoppe.
  4236 | D:6      | Reached skill level 5 in Fighting
  4236 | D:6      | Reached XP level 8. HP: 68/68 MP: 9/9
  4451 | D:6      | Reached skill level 5 in Dodging
  4509 | D:6      | Found a hazy altar of Hepliaklqana.
  4519 | D:6      | Reached skill level 5 in Armour
  5069 | D:6      | Reached skill level 6 in Ranged Weapons
  5779 | D:7      | Found a runed translucent gate.
  5780 | D:7      | Found a runed translucent gate.
  5780 | D:7      | Noticed Ishtari's ghost (novice HOFi)
  5781 | D:7      | Found a runed translucent gate.
  5942 | D:7      | Found a snail-covered altar of Cheibriados.
  5975 | D:7      | Found an opulent altar of Gozag.
  5999 | D:7      | Found a bloodstained altar of Trog.
  6009 | D:7      | Reached skill level 7 in Ranged Weapons
  6009 | D:7      | Reached XP level 9. HP: 60/75 MP: 11/11
  6462 | D:7      | Noticed Menkaure
  6471 | D:7      | Killed Menkaure
  6892 | D:7      | Found a runed translucent door.
  6893 | D:7      | Noticed Crazy Yiuf
  7109 | D:7      | Killed Crazy Yiuf
  7612 | D:8      | Reached **** piety under Fedhas
  7769 | D:8      | Reached skill level 8 in Ranged Weapons
  7769 | D:8      | Reached skill level 5 in Invocations
  8653 | D:8      | Paralysed by a hornet for 3 turns
  9005 | D:9      | Found a hide-covered altar of Uskayaw.
  9429 | D:9      | You fall into a shaft and drop 3 floors!
  9489 | D:11     | Noticed a troll
  9498 | D:11     | Killed a troll
  9619 | D:11     | Noticed a two-headed ogre
  9627 | D:11     | Killed a two-headed ogre
  9628 | D:11     | Reached skill level 9 in Ranged Weapons
  9628 | D:11     | Reached XP level 10. HP: 85/86 MP: 13/13
  9672 | D:11     | Noticed Maurice
  9708 | D:11     | Mangled by a komodo dragon

Illustrated notes

Levels and vault maps discovered:
D:1:      evilmike_arrival_hilbert_curve, layout_basic, serial_shops, shop,
          shop, nicolae_shop_hallway_stairs, shop, minmay_quantized
D:2:      layout_basic, chequers_ecumenical_altar_island,
          wad_floor_pattern_untrapped
D:3:      layout_basic, serial_glass, glass_columns_a, glass_columns_a,
          grunt_decor_junction
D:4:      layout_cave_pools, evilmike_ruin_ashenzari,
          minmay_temple_entry_offerings, enter_ossuary_1
D:5:      layout_loops_ring, gammafunk_ghost_hive, st_stairs_11,
          minmay_misc_feat_alley
D:6:      layout_basic, nicolae_hepliaklqana_hippocampus, serial_shops,
          nicolae_shop_bloodbath_and_beyond
D:7:      layout_cave_pods, mainiacjoe_overflow_24_doors, trog_ov_bears_minmay,
          nicolae_overflow_crystal_walls, gammafunk_ghost_split, uniq_menkaure,
          uniq_crazy_yiuf_cottage
D:8:      layout_basic, chequers_serial_rivers_large_a
D:9:      layout_cave_pools, mainiacjoe_overflow_cross_hatched, serial_shops,
          nicolae_inconvenience_store, kennysheep_boxes
D:11:     layout_basic, lair_entry_dummy, uniq_lodul, uniq_maurice, uniq_psyche,
          uniq_urug
D:12:     layout_roguey, gauntlet_entry_generic, ebering_ghost_gozag,
          bh_hangedman_babel_library

Skill      XL: |  1  2  3  4  5  6  7  8  9 |
---------------+----------------------------+-----
Fighting       | 1 2 3 4 5 6 7 |  7.6
Armour         | 1 2 3 4 5 7 |  7.3
Ranged Weapons | 1 2 3 5 7 9 |  9.2
Dodging        | 3 4 5 7 |  7.0
Invocations    | 1 2 3 4 5 |  5.7
Short Blades   | |  1.1
Stealth        | |  2.4
Spellcasting   | |  1.3
Hexes          | |  2.0

Action                   |  1- 3 |  4- 6 |  7- 9 | 10-12 || total
-------------------------+-------+-------+-------+-------++-------
Melee: Dagger            |    93 |   145 |   385 |    19 ||   642
       Headbutt          |    14 |    30 |   100 |     7 ||   151
       Punch             |       |     1 |     5 |       ||     6
       Unarmed           |       |     7 |       |       ||     7
Evoke: Wand              |       |       |    12 |     2 ||    14
  Use: Scroll            |     9 |     6 |     9 |       ||    24
       Potion            |       |     5 |       |       ||     5
 Stab: Sleeping          |     1 |       |       |       ||     1
Armor: Ring mail         |    42 |    53 |    20 |       ||   115
       Skin              |       |    11 |       |       ||    11
       Scale mail        |       |       |   170 |     1 ||   171
Dodge: Dodged            |    37 |   101 |   261 |    10 ||   409

Table legend: (Time is in decaauts)
 A = Elapsed time spent in this place.
 B = Non-inter-level travel time spent in this place.
 C = Inter-level travel time spent in this place.
 D = Time resting spent in this place.
 E = Time spent auto-exploring this place.
 F = Levels seen in this place.
 G = Mean time per level.
                   A        B        C        D        E       F      G
               +--------+--------+--------+--------+--------+-----+--------+
         Total |   9709 |   9406 |    303 |   1031 |   6801 |  12 |  809.1 |
       Dungeon |   9223 |   8920 |    303 |   1005 |   6483 |  11 |  838.5 |
       Ossuary |    486 |    486 |      0 |     26 |    318 |   1 |  486.0 |
               +--------+--------+--------+--------+--------+-----+--------+

Top non-repeatable levels by time:
     D:8: 1871 daAuts
     D:7: 1863 daAuts
     D:6: 1149 daAuts
     D:1: 977 daAuts
     D:5: 843 daAuts
     D:2: 684 daAuts
     D:4: 645 daAuts
     D:3: 552 daAuts
 Ossuary: 486 daAuts
     D:9: 358 daAuts
    D:11: 231 daAuts
    D:12: 45 daAuts
